 Dungeon Crawl Stone Soup version 0.32-a0-560-g4c7f4391e0 (webtiles) character file.

Game seed: 4142956657050423947

4215 Dittersdorf the Blocker (level 10, 0/65 HPs)
             Began as a Gargoyle Fighter on Feb 29, 2024.
             Slain by a troll (7 damage)
             ... on level 7 of the Dungeon.
             The game lasted 00:09:11 (6088 turns).

Dittersdorf the Blocker (Gargoyle Fighter)          Turns: 6088, Time: 00:09:12

Health: 0/65       AC: 21    Str: 23    XL:     10   Next: 30%
Magic:  10/10      EV:  9    Int: 10    God:
Gold:   484        SH:  5    Dex:  9    Spells: 9/9 levels left

rFire   + . .        p - +4 flail (heavy)
rCold   . . .        c - +0 buckler
rNeg    + . .        u - +2 scale mail {rF+}
rPois   ∞            (no helmet)
rElec   +            (no cloak)
rCorr   .            (no gloves)
SInv    .            (no boots)
Will    .....        j - amulet of magic regeneration Stlth
                     n - +4 ring of protection
HPRegen 0.30/turn    (no ring)
MPRegen 0.52/turn

%: no passive effects
@: no status effects
A: sickness immunity, AC +7, negative energy resistance 1, electricity
resistance, torment resistance 1, petrification resistance
a: Convert to Beogh


You were on level 7 of the Dungeon.
You visited 1 branch of the dungeon, and saw 7 of its levels.

You collected 484 gold pieces.

Inventory:

Hand Weapons
 g - a +0 morningstar
 p - a +4 heavy flail (weapon)
Missiles
 o - 4 curare-tipped darts (quivered)
Armour
 c - a +0 buckler (worn)
 u - a +2 scale mail of fire resistance (worn)
Jewellery
 b - a ring of ice
 j - an amulet of magic regeneration (around neck)
 n - a +4 ring of protection (left hand)
Wands
 w - a wand of flame (7)
Scrolls
 a - a scroll of enchant armour
 i - 7 scrolls of teleportation
 m - a scroll of poison
Potions
 d - a potion of might
 e - a potion of berserk rage {unknown}
 h - 4 potions of lignification {unknown}
 k - 3 potions of haste {unknown}
 q - 2 potions of degeneration {unknown}
 r - 4 potions of curing {unknown}
 t - a potion of cancellation
 v - 2 potions of resistance


   Skills:
 + Level 8.7 Fighting
 + Level 7.6 Maces & Flails
 + Level 8.7 Armour
 + Level 8.7 Shields


You had 9 spell levels left.
You didn't know any spells.
Your spell library contained the following spells:

 Spells                   Type           Power      Damage    Failure   Level
 Sting                    Conj/Alch      0%         1d3       69%         1
 Mercury Vapours          Alch/Air       0%         N/A       83%         2
 Olgreb's Toxic Radiance  Alch           0%         N/A       100%        4
 Sculpt Simulacrum        Ice/Alch       0%         N/A       100%        6
 Ozocubu's Refrigeration  Ice            0%         4d7       100%        7
 Polar Vortex             Ice            0%         N/A       100%        9


Dungeon Overview and Level Annotations

Branches:
Dungeon (7/15)
 Temple: D:4-7

Altars:
Ashenzari
Dithmenos
Makhleb
Nemelex Xobeh
Qazlal
Sif Muna
Trog
Vehumet
Yredelemnul
Zin


Innate Abilities, Weirdness & Mutations

You are immune to sickness and miasma.
Your stone body is resilient. (AC +7)
You are immune to poison.
You resist negative energy. (rN+)
You are resistant to electric shocks. (rElec)
You are resistant to unholy torment.
You are immune to petrification.


Message History

The red ugly thing is severely wounded.
The red ugly thing engulfs you but does no damage.
You closely miss the red ugly thing.
The red ugly thing is severely wounded.
You block the red ugly thing's attack.
You sock the red ugly thing!
The red ugly thing is almost dead.
You block the red ugly thing's attack.
You bludgeon the red ugly thing!!
You kill the red ugly thing!
The deep elf pyromancer mumbles some strange words.
The deep elf pyromancer blinks!
The troll barely misses you. You block the troll's attack.
The troll barely misses you.
You barely miss the troll.
The deep elf pyromancer gestures wildly while chanting.
The deep elf pyromancer blinks!
The troll bites you! You block the troll's attack.
The troll claws you but does no damage. The troll bites you.
The troll claws you but does no damage. The troll barely misses you.
Throw: 5 darts (curare)
Press: ? - help, Q - select action, (/) - cycle Shift-Dir - straight line, f - troll
Aim: a troll (56% to hit)
You throw a curare-tipped dart. The curare-tipped dart hits the troll.
The troll is poisoned.
The troll struggles to breathe.
The troll seems to slow down.
The troll is moderately wounded.
You barely miss the troll.
The troll is moderately wounded.
The troll closely misses you. The troll claws you.
The troll claws you but does no damage.
You bludgeon the troll!!
The troll is severely wounded.
The troll bites you! The troll closely misses you. The troll claws you!
* * * LOW HITPOINT WARNING * * *
You closely miss the troll.
The troll is almost dead.
The troll bites you!
* * * LOW HITPOINT WARNING * * *
The troll claws you!
You die...

## ###########....
#.....)......(.
####.#####'#######
##....##.......##
...##.#...###...#
#####.#..##..?..#
......#.##....#.###e##..
.#....'.#.....#.@Tco(ßY.
.#....###....##.###..##.
.#....##....##..# #
.#....##..###...#
.#....#####....##
.#....# ##'#### .#....#
##...## .#....###.....#
.#....##...#...#


You could see a deep elf pyromancer, a yak, a troll (poisoned, slow), a centaur
and an orc priest.

Vanquished Creatures
  A two-headed ogre (D:6)
  Pikel (D:6)
  An ugly thing (D:7)
  Prince Ribbit (D:6)
  Eustachio (D:5)
  Edmund (D:5)
  An acid dragon (D:7)
  Duvessa (D:5)
  2 sky beasts (D:7)
  An ice beast (D:7)
  An orc warrior (D:5)
  2 centaurs
  4 lemures (D:6)
  A kobold brigand (D:5)
  A bullfrog (D:6)
  A gnoll sergeant (D:6)
  3 scorpions
  7 wights (D:6)
  Dowan (D:5)
  3 electric eels (D:6)
  4 hounds
  2 orc priests
  A jelly (D:6)
  A gnoll bouda (D:4)
  A sleepcap (D:7)
  2 iguanas (D:6)
  A scorpion zombie (D:3)
  3 orc wizards
  12 gnolls
  11 adders
  A shadow imp (D:6)
  3 white imps
  2 dart slugs (D:2)
  17 orcs
  8 endoplasms
  7 goblins
  7 hobgoblins
  6 jackals
  2 quokkas
  2 training dummies (D:5)
  7 ball pythons
  7 bats
  3 frilled lizards
  A giant cockroach zombie (D:3)
  13 kobolds
  A quokka zombie (D:3)
  3 rats
163 creatures vanquished.

Notes
Turn   | Place    | Note
-------+----------+-------------------------------------------
     0 | D:1      | Dittersdorf the Gargoyle Fighter began the quest for the
                  | Orb.
     0 | D:1      | Reached XP level 1. HP: 14/14 MP: 1/1
   164 | D:1      | Reached XP level 2. HP: 19/19 MP: 2/2
   423 | D:2      | Reached XP level 3. HP: 23/23 MP: 3/3
   738 | D:2      | Reached XP level 4. HP: 29/29 MP: 4/4
   870 | D:2      | Found a faded altar of an unknown god.
  1200 | D:3      | Reached XP level 5. HP: 33/33 MP: 5/5
  1296 | D:3      | Found a basalt altar of Yredelemnul.
  1549 | D:3      | Found a stormy altar of Qazlal.
  1887 | D:3      | Found a bloodstained altar of Trog.
  2061 | D:4      | Found a glowing silver altar of Zin.
  2129 | D:4      | Reached XP level 6. HP: 14/39 MP: 6/6
  2643 | D:4      | Reached skill level 5 in Fighting
  2779 | D:4      | Found a broken altar of Ashenzari.
  2823 | D:4      | Reached skill level 5 in Armour
  2823 | D:4      | Reached skill level 5 in Shields
  2829 | D:4      | Found a radiant altar of Vehumet.
  2837 | D:4      | Reached XP level 7. HP: 43/44 MP: 7/7
  2840 | D:4      | Found a shimmering blue altar of Sif Muna.
  2952 | D:4      | Found a shadowy altar of Dithmenos.
  3041 | D:5      | Entered Level 5 of the Dungeon
  3227 | D:5      | Noticed Edmund
  3239 | D:5      | Killed Edmund
  3466 | D:5      | Noticed Eustachio
  3474 | D:5      | Killed Eustachio
  3597 | D:5      | Reached XP level 8. HP: 41/51 MP: 8/8
  3734 | D:5      | Noticed Duvessa
  3734 | D:5      | Noticed Dowan
  3740 | D:5      | Killed Duvessa
  3754 | D:5      | Killed Dowan
  3755 | D:5      | Reached skill level 5 in Maces & Flails
  4063 | D:6      | Found a sparkling altar of Nemelex Xobeh.
  4390 | D:6      | Noticed a two-headed ogre
  4397 | D:6      | Killed a two-headed ogre
  4398 | D:6      | Reached XP level 9. HP: 25/57 MP: 9/9
  4567 | D:6      | Noticed Pikel
  4589 | D:6      | Killed Pikel
  5316 | D:6      | Noticed Prince Ribbit
  5327 | D:6      | Killed Prince Ribbit
  5328 | D:6      | Reached XP level 10. HP: 52/64 MP: 10/10
  5753 | D:7      | Found a burning altar of Makhleb.
  6074 | D:7      | Noticed a deep elf pyromancer
  6074 | D:7      | Noticed a red ugly thing
  6083 | D:7      | Killed a red ugly thing
  6088 | D:7      | Slain by a troll

Illustrated notes

Levels and vault maps discovered:
D:1:      sevenhm_arrival_forest_fort_small_4, layout_basic
D:2:      layout_rooms, shapermc_ecumenical_altar_ellora
D:3:      layout_basic, nicolae_yredelemnul_corpse_copse,
          general_overflow_altar, trog_book
D:4:      layout_basic, kennysheep_mini_moat, pf_just_have_faith,
          ashenzari_conservatory_becter, jmf_multi_god_temple
D:5:      dreamdust_elfheim, layout_basic, uniq_edmund, uniq_duvessa,
          uniq_eustachio
D:6:      layout_basic, mainiacjoe_overflow_brackets, st_stairs_3,
          chequers_big_river, grunt_decor_clamped, uniq_prince_ribbit1,
          uniq_pikel
D:7:      layout_basic, kennysheep_mini, demons_altar,
          minmay_temple_entry_wispy, minmay_the_grid_2x2
          [minmay_the_grid_dragon_a, minmay_the_grid_outer_diamond,
          minmay_the_grid_spikes, minmay_the_grid_prize_trominoes]

Skill      XL: |  1  2  3  4  5  6  7  8  9 |
---------------+----------------------------+-----
Fighting       | 4 5 7 8 |  8.7
Armour         | 4 5 7 8 |  8.7
Shields        | 4 5 7 8 |  8.7
Maces & Flails | 3 4 6 7 |  7.6

Action                     |  1- 3 |  4- 6 |  7- 9 | 10-12 || total
---------------------------+-------+-------+-------+-------++-------
  Melee: Flail             |   133 |   268 |   206 |    60 ||   667
  Throw: Dart              |       |       |     6 |     3 ||     9
  Evoke: Wand              |       |       |       |     1 ||     1
    Use: Scroll            |       |       |     9 |     3 ||    12
 Armour: Scale mail        |   125 |       |   298 |    66 ||   489
         Chain mail        |    19 |   248 |     8 |       ||   275
         Skin              |     2 |       |       |       ||     2
  Dodge: Dodged            |    85 |   116 |   158 |    33 ||   392
  Block: Buckler           |    40 |    79 |    85 |    20 ||   224

Table legend: (Time is in decaauts)
 A = Elapsed time spent in this place.
 B = Non-inter-level travel time spent in this place.
 C = Inter-level travel time spent in this place.
 D = Time resting spent in this place.
 E = Time spent auto-exploring this place.
 F = Levels seen in this place.
 G = Mean time per level.
                   A        B        C        D        E       F      G
               +--------+--------+--------+--------+--------+-----+--------+
         Total |   6395 |   6076 |    319 |    926 |   3079 |   7 |  913.6 |
       Dungeon |   6395 |   6076 |    319 |    926 |   3079 |   7 |  913.6 |
               +--------+--------+--------+--------+--------+-----+--------+

Top non-repeatable levels by time:
     D:6: 1699 daAuts
     D:3: 1199 daAuts
     D:4: 1056 daAuts
     D:5: 977 daAuts
     D:2: 600 daAuts
     D:1: 459 daAuts
     D:7: 403 daAuts
